 Dungeon Crawl Stone Soup version 0.28-a0-723-g095bd1b44f (webtiles) character file.

Game seed: 15610016866081977909

271550 Ijustatesigmund the Unseen (level 20, -8/162 HPs)
             Began as a Gnoll Delver on Oct 25, 2021.
             Was the Champion of Cheibriados.
             Killed from afar by a deep elf annihilator (25 damage)
             ... with a poison arrow
             ... on level 3 of the Elven Halls on Oct 26, 2021.
             The game lasted 02:28:02 (41276 turns).

Ijustatesigmund the Unseen (Gnoll Delver)          Turns: 41276, Time: 02:28:04

Health: -8/162     AC: 35    Str: 36    XL:     20   Next: 64%
Magic:  6/11       EV: 23    Int: 30    God:    Cheibriados [******]
Gold:   2875       SH: 23    Dex: 29    Spells: 24/46 levels left

rFire   . . .      SeeInvis .   X - +6 eveningstar (antimagic)
rCold   + . .      Faith    .   x - +2 kite shield {AC+3}
rNeg    + + .      Spirit   .   a - +4 chain mail {rC+}
rPois   .          Reflect  +   C - +1 helmet
rElec   .          Harm     .   H - +2 cloak {rC+}
rCorr   .          Rampage  .   r - +2 pair of gloves
Will    +++..                   T - +2 pair of boots {Stlth+}
Stlth   +++++.....              w - amulet of reflection
HPRegen 0.37/turn               i - ring of wizardry
MPRegen 0.12/turn               z - ring of Xom's Entertainment {rC- rN++ Will+ Str+6}

@: lethally poisoned (-8 -> -71), wereblooded, studying 2 skills, very slow
A: fangs 1, strong nose, distributed training, iridescent scales 1, low mp 1,
strong-willed 1
}: 1/15 runes: barnacled
a: Renounce Religion, Bend Time, Temporal Distortion, Slouch, Step From Time


You were on level 3 of the Elven Halls.
You worshipped Cheibriados.
Cheibriados was exalted by your worship.
You visited 6 branches of the dungeon, and saw 33 of its levels.
You also visited: Gauntlet, Ice Cave and Wizlab.

You collected 5239 gold pieces.
You spent 2364 gold pieces at shops.

Inventory:

Hand Weapons
 h - a +5 scimitar of flaming
 q - the +7 Singing Sword {vorpal, sonic wave}
   (You found it on level 4 of the Dungeon)

   It inflicts extra damage upon your enemies.
   It radiates damaging sonic waves as it strikes, especially in combat
   involving dangerous or numerous foes.
 X - a +6 antimagic eveningstar (weapon)
Missiles
 D - 2 silver javelins (quivered)
 V - 3 throwing nets
Armour
 a - a +4 chain mail of cold resistance (worn)
 r - a +2 pair of gloves (worn)
 s - the +2 robe "Waqakkim" {rC++ Regen+ Str+2 Int+5}
   (You bought it in a shop on level 11 of the Dungeon)

   Str:       It affects your strength (+2).
   Int:       It affects your intelligence (+5).
   rC:        It greatly protects you from cold.
   Regen:     It increases your rate of health regeneration.
 x - a +2 kite shield of protection (worn)
 C - a +1 helmet (worn)
 H - a +2 cloak of cold resistance (worn)
 T - a +2 pair of boots of stealth (worn)
Jewellery
 i - a ring of wizardry (left hand)
 o - a ring of fire
 w - an amulet of reflection (around neck)
 y - an amulet of regeneration
 z - the ring of Xom's Entertainment (right hand) {rC- rN++ Will+ Str+6}
   (You acquired it on level 8 of the Dungeon)

   [ring of willpower]

   Str:       It affects your strength (+6).
   rC:        It makes you vulnerable to cold.
   rN:        It greatly protects you from negative energy.
   Will:      It increases your willpower.
 O - the ring "Did Vucu" {rC+ Dex+6}
   (You bought it in a shop on level 2 of the Elven Halls)

   [ring of protection from cold]

   Dex:       It affects your dexterity (+6).
   rC:        It protects you from cold.
 P - a ring of positive energy
 Q - a ring of wizardry
 U - a ring of fire
 Y - a ring of protection from cold
Wands
 d - a wand of iceblast (18)
 g - a wand of digging (13)
 j - a wand of charming (24)
 m - a wand of acid (2)
 G - a wand of flame (10)
 J - a wand of paralysis (11)
 R - a wand of polymorph (11)
 S - a wand of mindburst (22)
Scrolls
 c - 6 scrolls of fog
 e - 6 scrolls of fear
 k - 6 scrolls of immolation
 B - 6 scrolls of brand weapon
 E - 2 scrolls of blinking
 I - 12 scrolls of teleportation
 M - 7 scrolls of amnesia
 N - 3 scrolls of silence
 W - 17 scrolls of identify
 Z - a scroll of magic mapping
Potions
 b - 2 potions of resistance
 f - a potion of cancellation
 l - 3 potions of heal wounds
 n - 11 potions of lignification
 p - 3 potions of mutation
 t - 5 potions of attraction
 u - 19 potions of curing
 v - 5 potions of brilliance
 A - 9 potions of flight
 F - 2 potions of berserk rage
 K - 2 potions of might
 L - a potion of ambrosia


   Skills:
 + Level 15.2 Fighting
 + Level 13.9 Short Blades
 + Level 13.9 Long Blades
 + Level 14.6 Axes
 + Level 13.9 Maces & Flails
 + Level 13.9 Polearms
 + Level 13.9 Staves
 + Level 13.9 Slings
 + Level 13.9 Bows
 + Level 13.9 Crossbows
 + Level 13.9 Throwing
 + Level 13.9 Armour
 + Level 14.6 Dodging
 + Level 16.5 Stealth
 + Level 13.9 Shields
 + Level 13.9 Unarmed Combat
 + Level 13.9 Spellcasting
 + Level 11.8 Conjurations
 + Level 11.8 Hexes
 + Level 11.8 Summonings
 + Level 11.8 Necromancy
 + Level 11.8 Translocations
 + Level 11.8 Transmutations
 + Level 11.8 Fire Magic
 + Level 15.1 Ice Magic
 + Level 11.8 Air Magic
 + Level 11.8 Earth Magic
 + Level 11.8 Poison Magic
 + Level 15.0 Invocations
 + Level 15.1 Evocations


You had 24 spell levels left.
You knew the following spells:

 Your Spells              Type           Power      Damage    Failure   Level
a - Foxfire               Conj/Fire      100%       2x1d9     1%          1
b - Apportation           Tloc           100%       N/A       1%          1
c - Flame Wave            Conj/Fire      75%        3d13      1%          4
d - Passage of Golubria   Tloc           75%        N/A       1%          4
e - Hailstorm             Conj/Ice       80%        3d16      1%          4
f - Wereblood             Tmut           75%        N/A       1%          2
g - Starburst             Conj/Fire      37%        6d11      3%          6

Your spell library contained the following spells:

 Spells                   Type           Power      Damage    Failure   Level
 Freeze                   Ice            100%       1d11      0%          1
 Animate Skeleton         Necr           100%       N/A       1%          1
 Magic Dart               Conj           100%       1d8       1%          1
 Pain                     Necr           100%       1d9       1%          1
 Summon Small Mammal      Summ           100%       N/A       1%          1
 Corpse Rot               Necr/Air       100%       N/A       1%          2
 Ensorcelled Hibernation  Hex/Ice        100%       N/A       1%          2
 Poisonous Vapours        Pois/Air       100%       N/A       1%          2
 Scorch                   Fire           100%       2d10      1%          2
 Searing Ray              Conj           100%       2d8       1%          2
 Slow                     Hex            75%        N/A       1%          2
 Static Discharge         Conj/Air       75%        N/A       1%          2
 Sublimation of Blood     Necr           37%        N/A       1%          2
 Call Canine Familiar     Summ           75%        N/A       1%          3
 Confusing Touch          Hex            75%        N/A       1%          3
 Conjure Flame            Conj/Fire      75%        6-21      1%          3
 Frozen Ramparts          Ice            100%       1d12      1%          3
 Inner Flame              Hex/Fire       75%        N/A       1%          3
 Ozocubu's Armour         Ice            84%        N/A       1%          3
 Summon Guardian Golem    Hex/Summ       75%        N/A       1%          3
 Tukima's Dance           Hex            75%        N/A       1%          3
 Vampiric Draining        Necr           37%        2d11      1%          3
 Animate Dead             Necr           37%        N/A       1%          4
 Dispel Undead            Necr           75%        3d25      1%          4
 Fulminant Prism          Conj/Hex       37%        3d18      1%          4
 Ice Form                 Ice/Tmut       80%        N/A       1%          4
 Sticky Flame             Conj/Fire      75%        2d9       1%          4
 Summon Ice Beast         Ice/Summ       80%        N/A       1%          4
 Agony                    Necr           75%        N/A       1%          5
 Borgnjor's Vile Clutch   Necr/Erth      37%        N/A       1%          5
 Excruciating Wounds      Necr           37%        N/A       1%          5
 Fireball                 Conj/Fire      37%        3d15      1%          5
 Yara's Violent Unravell  Hex/Tmut       37%        3d15      1%          5
 Death Channel            Necr           37%        N/A       3%          6
 Summon Cactus Giant      Summ           37%        N/A       3%          6
 Ozocubu's Refrigeration  Ice            42%        4d13      5%          7
 Malign Gateway           Summ/Tloc      37%        N/A       21%         7
 Summon Hydra             Summ           37%        N/A       21%         7
 Borgnjor's Revivificati  Necr           37%        N/A       80%         8
 Ignition                 Fire           37%        3d11      80%         8
 Summon Horrible Things   Summ           37%        N/A       80%         8


Dungeon Overview and Level Annotations

Branches:
Dungeon (15/15)            Temple (0/1) D:7            Lair (6/6) D:9
 Shoals (4/4) Lair:4        Snake (0/4) Lair:3        Slime (0/5) Lair:5
    Orc (2/2) D:11            Elf (3/3) Orc:2        Vaults (3/5) D:13
  Crypt (0/3) Vaults:2     Depths (0/4) D:15          IceCv (visited)
 WizLab (visited)         Gauntlet (visited)

Altars:
Cheibriados
Dithmenos
Fedhas
Gozag
Kikubaaqudgha
Qazlal
Ru
Sif Muna
Trog
Uskayaw
Wu Jian
Xom
Beogh
Jiyva

Shops:
D:10 :   D:11 *   Orc:2 ![?*   Elf:2 =

Annotations:
D:4 3 runed translucent doors, TimeIsEndless's ghost, novice OgWr
D:8 2 transporters, kuniqs's ghost, novice PaFi
D:12 Lekart's ghost, journeyman DrFi


Innate Abilities, Weirdness & Mutations

You have very sharp teeth.
Your uncanny sense of smell can sniff out nearby items.
Your experience applies equally to all skills.
You are partially covered in iridescent scales. (AC +2)
Your magical capacity is low. (-10% MP)
You are strong-willed. (Will+)


Message History

The iceblast engulfs the deep elf pyromancer.
The deep elf pyromancer partially resists.
The deep elf pyromancer is moderately wounded.
You howl as the wereblood boils in your veins!
You hear a shout! x2
The deep elf pyromancer gestures at you while chanting.
The bolt of fire hits you!
Aiming: Iceblast
Press: ? - help, Shift-Dir - straight line, f - deep elf annihilator
Aim: a deep elf annihilator, wielding a +0 rapier (spells empowered)
The mass of ice explodes!
The iceblast engulfs the deep elf annihilator!!
The deep elf annihilator is moderately wounded.
The iceblast engulfs the deep elf pyromancer!!
The deep elf pyromancer partially resists.
The deep elf pyromancer is almost dead.
The deep elf annihilator seems less brilliant.
The deep elf pyromancer gestures wildly while chanting.
The deep elf pyromancer blinks!
The deep elf pyromancer gestures wildly while chanting.
The deep elf pyromancer blinks!
Aiming: Mindburst
Press: ? - help, Shift-Dir - straight line, f/p - deep elf annihilator
Aim: a deep elf annihilator, wielding a +0 rapier (moderately wounded, chance to affect: 24%)
The deep elf annihilator resists with almost no effort.
The deep elf annihilator gestures at you while chanting.
The crystal spear hits you!!!
The deep elf annihilator points at you and mumbles some strange words.
The poison arrow hits you!!!
You are poisoned.
* * * LOW HITPOINT WARNING * * *
The deep elf pyromancer casts a spell.
The deep elf pyromancer blinks!
The deep elf pyromancer casts a spell.
The deep elf pyromancer blinks!
The deep elf annihilator barely misses you.
The deep elf annihilator casts a spell at you.
The poison arrow hits you!!
You are more poisoned.
You die...

##........## #.# #..
#'######+# #.# #.. #.# #.#
*#.#######. #.# #.#
*.......... #.######.##
*..#######. #.........##
*..# #. #..#####...# *∆,*
#. #### ###.# **** ##
####@# **#..)e#
**#....§)#**
*#....e..)..*****
**.............,,**
**,...............,***
**,,.e..e§.......).,,,**
*,,,...§........ee.,,,,*
**,,,..⌠............,,,,**


You could see 3 deep elf annihilators and a deep elf pyromancer (empowered).

Vanquished Creatures
  2 dread liches
  Nikola (Shoals:4)
  A tentacled monstrosity (Shoals:3)
  Mlioglotl (Shoals:1)
  A deep elf blademaster (Elf:2)
  Polyphemus (Shoals:3)
  2 krakens
  4 sphinxes
  Frances (D:12)
  2 azure jellies (Lair:6)
  A storm dragon (Shoals:4)
  A fenstrider witch (Shoals:3)
  10 vault wardens
  A fire giant (D:15)
  3 rockslimes (Lair:6)
  Ilsuiw (Shoals:2)
  A frost giant (IceCv)
  An orc warlord (Vaults:2)
  2 ironbound preservers (Vaults:3)
  5 very ugly things (Vaults:1)
  4 deep elf demonologists
  A minotaur (Gauntlet)
  3 deep elf annihilators (Elf:3)
  An entropy weaver (Gauntlet)
  Azrael (D:14)
  7 deep elf death magi
  3 mummy priests (WizLab)
  An ettin (Vaults:3)
  Josephine (D:11)
  A fire dragon (Lair:6)
  4 merfolk javelineers
  3 deep elf high priests
  8 merfolk impalers
  A rakshasa (Vaults:2)
  3 yaktaur captains
  7 ironbound thunderhulks
  4 great orbs of eyes
  Erolcha (D:11)
  12 vault guards
  A merfolk avatar (Shoals:1)
  A quicksilver dragon skeleton (Vaults:2)
  14 hydras
  6 centaur warriors
  2 boulder beetles
  A catoblepas (Shoals:3)
  2 ogre magi (Orc:2)
  12 death yaks
  5 ironbound frosthearts
  A satyr (Shoals:3)
  A tengu warrior (D:15)
  3 alligator snapping turtles
  13 two-headed ogres
  6 merfolk aquamancers
  28 dancing weapons
  An orc high priest (Orc:1)
  Urug (D:12)
  9 deep elf knights
  A storm dragon zombie (WizLab)
  10 skeletal warriors (Vaults:2)
  A shadow wraith (Shoals:2)
  6 sea snakes
  7 deep trolls
  6 lindwurms
  3 wizards
  An iron dragon zombie (WizLab)
  A sphinx zombie (WizLab)
  5 necromancers (Vaults:2)
  24 deep elf pyromancers
  14 deep elf archers
  2 orc knights
  19 deep elf zephyrmancers
  7 harpies
  An orc sorcerer (Orc:1)
  12 ironbound convokers
  18 ugly things
  A frost giant zombie (WizLab)
  A fire giant zombie (WizLab)
  10 fauns
  9 cyclopes
  16 manticores
  A fire giant skeleton (Vaults:2)
  6 torpor snails
  8 merfolk sirens
  2 stone giant skeletons (Vaults:2)
  Maurice (D:9)
  8 elephants
  4 black mambas
  An ice statue (IceCv)
  11 vault sentinels
  16 cane toads
  12 water nymphs
  An apocalypse crab (Shoals:3)
  An unseen horror (D:10)
  5 rime drakes
  8 komodo dragons
  2 kobold demonologists
  3 spriggan zombies (WizLab)
  18 yaktaurs
  2 yaktaur skeletons (Vaults:2)
  2 efreet
  A tengu conjurer (D:15)
  2 ice devils (D:12)
  10 merfolk
  2 human skeletons (Vaults:2)
  3 guardian mummies (WizLab)
  13 trolls
  A jumping spider (Gauntlet)
  3 tyrant leeches (Lair:6)
  9 hornets
  12 polar bears
  A wolf spider simulacrum (D:12)
  8 wind drakes
  3 meliai (D:14)
  7 snapping turtles
  Prince Ribbit (D:7)
  14 slime creatures
  20 blink frogs
  8 dream sheep
  A vampire (D:13)
  A redback (Gauntlet)
  7 air elementals
  6 shadows
  12 centaur simulacra
  5 wyverns
  Sigmund (D:5)
  5 fire elementals
  19 water elementals
  15 humans (D:13)
  80 yaks
  7 wraiths
  7 basilisks
  2 fire bats (Lair:6)
  2 steam dragons (D:8)
  A neqoxec (Gauntlet)
  A redback simulacrum (Gauntlet)
  A harpy simulacrum (Gauntlet)
  2 two-headed ogre zombies (D:11)
  9 vampire mosquitoes
  Edmund (D:6)
  3 chaos spawn (Gauntlet)
  3 nagas (Lair:3)
  A warg (Orc:1)
  2 acid dragons
  5 hell hounds (D:14)
  7 water moccasins
  2 black bears (D:7)
  15 orc warriors
  2 necrophages
  23 ogres
  18 wolves
  14 centaurs
  6 phantoms
  A human zombie (WizLab)
  An earth elemental (Elf:3)
  13 bullfrogs
  2 scorpions (D:4)
  A gnoll sergeant (D:6)
  2 wyvern zombies (D:7)
  A wyvern skeleton (D:7)
  A troll zombie (D:11)
  4 killer bees (D:8)
  2 electric eels
  A howler monkey (D:12)
  5 wights (D:7)
  A crimson imp (D:11)
  2 centaur zombies
  17 jellies
  2 bullfrog zombies (D:5)
  2 centaur skeletons
  12 orc priests
  A gnoll shaman (D:7)
  4 hounds
  3 iguanas
  Crazy Yiuf (D:7)
  12 hell rats
  11 orc wizards
  A killer bee zombie (D:7)
  5 ogre zombies (D:11)
  2 howler monkey zombies
  A howler monkey skeleton (D:7)
  6 gnolls
  10 adders
  A river rat (D:9)
  A shadow imp (D:3)
  4 white imps
  2 ufetubi
  An adder skeleton (D:4)
  4 dart slugs
  50 orcs
  17 endoplasms
  6 giant cockroaches
  7 goblins
  5 hobgoblins
  7 jackals
  3 quokkas
  12 ball pythons
  9 bats
  2 frilled lizards
  2 goblin skeletons (D:11)
  3 goblin zombies (D:11)
  A hobgoblin skeleton (D:11)
  A hobgoblin zombie (D:11)
  7 kobolds
  4 orc skeletons (D:11)
  14 orc zombies (D:11)
  A quokka skeleton (D:3)
  9 rats
  A fire vortex (Lair:6)
  8 tentacles
1215 creatures vanquished.

Vanquished Creatures (collateral kills)
  A merfolk aquamancer (Shoals:4)
  An ironbound convoker (Vaults:1)
  2 frost giant zombies (WizLab)
  A cyclops (Shoals:4)
  A slime creature (Vaults:1)
  An air elemental (Shoals:4)
  A water elemental (Shoals:4)
  A human zombie (WizLab)
9 creatures vanquished.

Vanquished Creatures (others)
  A deep elf zephyrmancer (Elf:1)
  A wizard (D:4)
  A manticore (Shoals:1)
  A merfolk siren (Shoals:4)
  A water nymph (Shoals:4)
  A merfolk (Shoals:4)
  4 slime creatures
  A human (D:13)
  An orc (D:10)
  58 fungi
  191 plants
  2 starspawn tentacles (Shoals:1)
  13 tentacles
276 creatures vanquished.

Grand Total: 1500 creatures vanquished

Notes
Turn   | Place    | Note
-------+----------+-------------------------------------------
     0 | D:5      | Reached skill level 9 in Stealth
     0 | D:5      | Ijustatesigmund the Gnoll Delver began the quest for the
                  | Orb.
     0 | D:5      | Reached XP level 1. HP: 23/23 MP: 1/1
     8 | D:5      | Found an ancient bone altar of Kikubaaqudgha.
     8 | D:5      | Found a snail-covered altar of Cheibriados.
     8 | D:5      | Found a blossoming altar of Fedhas.
     8 | D:5      | Found a stormy altar of Qazlal.
    46 | D:4      | Noticed a scorpion
   415 | D:3      | Reached XP level 2. HP: 17/29 MP: 2/2
   747 | D:4      | Found a runed translucent gate.
   747 | D:4      | Found a runed translucent gate.
   747 | D:4      | Found a runed translucent gate.
   759 | D:4      | Reached XP level 3. HP: 25/35 MP: 3/3
  1025 | D:2      | Reached skill level 1 in Invocations
  1045 | D:2      | Reached skill level 1 in Short Blades
  1045 | D:2      | Reached skill level 1 in Long Blades
  1045 | D:2      | Reached skill level 1 in Maces & Flails
  1045 | D:2      | Reached skill level 1 in Polearms
  1045 | D:2      | Reached skill level 1 in Staves
  1045 | D:2      | Reached skill level 1 in Slings
  1045 | D:2      | Reached skill level 1 in Bows
  1045 | D:2      | Reached skill level 1 in Crossbows
  1045 | D:2      | Reached skill level 1 in Throwing
  1045 | D:2      | Reached skill level 1 in Armour
  1045 | D:2      | Reached skill level 1 in Shields
  1045 | D:2      | Reached skill level 1 in Unarmed Combat
  1045 | D:2      | Reached skill level 1 in Spellcasting
  1045 | D:2      | Reached skill level 1 in Evocations
  1057 | D:2      | Reached XP level 4. HP: 19/41 MP: 5/5
  1780 | D:1      | Found a faded altar of an unknown god.
  1846 | D:1      | Reached skill level 1 in Conjurations
  1846 | D:1      | Reached skill level 1 in Hexes
  1846 | D:1      | Reached skill level 1 in Summonings
  1846 | D:1      | Reached skill level 1 in Necromancy
  1846 | D:1      | Reached skill level 1 in Translocations
  1846 | D:1      | Reached skill level 1 in Transmutations
  1846 | D:1      | Reached skill level 1 in Fire Magic
  1846 | D:1      | Reached skill level 1 in Ice Magic
  1846 | D:1      | Reached skill level 1 in Air Magic
  1846 | D:1      | Reached skill level 1 in Earth Magic
  1846 | D:1      | Reached skill level 1 in Poison Magic
  1934 | D:1      | Identified a scroll of acquirement
  1934 | D:1      | Acquired a +3 chain mail of cold resistance
  2646 | D:2      | Reached XP level 5. HP: 45/47 MP: 6/6
  3719 | D:4      | Noticed TimeIsEndless's ghost (novice OgWr)
  3752 | D:4      | Found a bloodstained altar of Trog.
  3898 | D:4      | Reached XP level 6. HP: 28/53 MP: 8/8
  4447 | D:4      | Reached skill level 5 in Axes
  4447 | D:4      | Reached skill level 5 in Dodging
  4646 | D:4      | Found the +7 Singing Sword {vorpal, sonic wave}
  5118 | D:4      | Noticed a wizard
  5120 | D:4      | Killed a wizard
  5228 | D:5      | Reached XP level 7. HP: 53/59 MP: 10/10
  5301 | D:5      | Noticed Sigmund
  5308 | D:5      | Killed Sigmund
  5309 | D:5      | Reached skill level 10 in Stealth
  5473 | D:5      | Reached XP level 8. HP: 67/67 MP: 12/12
  5698 | D:5      | Found a sacrificial altar of Ru.
  5700 | D:5      | Found an opulent altar of Gozag.
  5943 | D:5      | Became a worshipper of Cheibriados the Contemplative
  5968 | D:6      | Noticed Edmund
  5976 | D:6      | Killed Edmund
  5982 | D:6      | Identified the +11 spear of the Moth {speed, rCorr Str+4
                  | Int+2 Dex+4}
  6765 | D:6      | Reached * piety under Cheibriados
  6934 | D:7      | Reached XP level 9. HP: 72/72 MP: 14/14
  6939 | D:7      | Noticed Prince Ribbit
  6945 | D:7      | Killed Prince Ribbit
  7103 | D:7      | Reached ** piety under Cheibriados
  7170 | D:7      | Reached skill level 5 in Invocations
  7173 | D:7      | Noticed a hornet
  7178 | D:7      | Killed a hornet
  7442 | D:7      | Found a staircase to the Ecumenical Temple.
  7446 | D:7      | Reached XP level 10. HP: 80/80 MP: 17/17
  7678 | D:7      | Reached *** piety under Cheibriados
  7992 | D:7      | Found a runed translucent door.
  7993 | D:7      | Noticed Crazy Yiuf
  7997 | D:7      | Killed Crazy Yiuf
  7998 | D:7      | Reached skill level 5 in Short Blades
  7998 | D:7      | Reached skill level 5 in Long Blades
  7998 | D:7      | Reached skill level 5 in Maces & Flails
  7998 | D:7      | Reached skill level 5 in Polearms
  7998 | D:7      | Reached skill level 5 in Staves
  7998 | D:7      | Reached skill level 5 in Slings
  7998 | D:7      | Reached skill level 5 in Bows
  7998 | D:7      | Reached skill level 5 in Crossbows
  7998 | D:7      | Reached skill level 5 in Throwing
  7998 | D:7      | Reached skill level 5 in Armour
  7998 | D:7      | Reached skill level 5 in Shields
  7998 | D:7      | Reached skill level 5 in Unarmed Combat
  7998 | D:7      | Reached skill level 5 in Spellcasting
  7998 | D:7      | Reached skill level 5 in Evocations
  8162 | D:8      | Noticed a two-headed ogre
  8165 | D:8      | Found a transporter.
  8165 | D:8      | Noticed a four-headed hydra
  8174 | D:8      | Noticed kuniqs's ghost (novice PaFi)
  8407 | D:8      | Found a hide-covered altar of Uskayaw.
  8418 | D:8      | Found a transporter.
  8440 | D:8      | Noticed a boulder beetle
  8467 | D:8      | Killed a boulder beetle
  8468 | D:8      | Reached skill level 11 in Stealth
  9570 | D:8      | Acquired the ring of Xom's Entertainment {rC- rN++ Will+
                  | Str+6}
  9764 | D:9      | Reached **** piety under Cheibriados
  9912 | D:9      | Noticed a death yak
  9915 | D:9      | Noticed a death yak
  9916 | D:9      | Noticed a death yak
  9920 | D:9      | Killed a death yak
  9929 | D:9      | Killed a death yak
  9930 | D:9      | Reached XP level 11. HP: 47/87 MP: 16/19
  9930 | D:9      | Killed a death yak
  9931 | D:9      | Reached skill level 5 in Conjurations
  9931 | D:9      | Reached skill level 5 in Hexes
  9931 | D:9      | Reached skill level 5 in Summonings
  9931 | D:9      | Reached skill level 5 in Necromancy
  9931 | D:9      | Reached skill level 5 in Translocations
  9931 | D:9      | Reached skill level 5 in Transmutations
  9931 | D:9      | Reached skill level 5 in Fire Magic
  9931 | D:9      | Reached skill level 5 in Ice Magic
  9931 | D:9      | Reached skill level 5 in Air Magic
  9931 | D:9      | Reached skill level 5 in Earth Magic
  9931 | D:9      | Reached skill level 5 in Poison Magic
  9981 | D:9      | Found a staircase to the Lair.
 10573 | D:9      | Paralysed by a hornet for 3 turns
 11007 | D:10     | Entered Level 10 of the Dungeon
 11010 | D:10     | Found Ydo Feh's Book Emporium.
 11010 | D:10     | Noticed Maurice
 11054 | D:9      | Killed Maurice
 11667 | D:11     | Found Hoitwiq's Assorted Antiques.
 11667 | D:11     | Noticed Josephine
 11673 | D:11     | Noticed a two-headed ogre
 11680 | D:11     | Killed a two-headed ogre
 11683 | D:11     | Killed Josephine
 11690 | D:11     | Bought a wizard robe for 205 gold pieces
 11690 | D:11     | Identified the +2 robe "Waqakkim" {rC++ Regen+ Str+2 Int+5}
                  | (You bought it in a shop on level 11 of the Dungeon)
 11690 | D:11     | Bought 2 smoky dark potions for 64 gold pieces
 11690 | D:11     | Bought a fizzy silvery potion for 32 gold pieces
 11690 | D:11     | Bought a scroll of teleportation for 108 gold pieces
 11690 | D:11     | Bought a fuming red potion for 32 gold pieces
 11690 | D:11     | Bought 2 scrolls of identify for 144 gold pieces
 11712 | D:11     | Found a frozen archway.
 11716 | IceCv    | Entered an ice cave
 11731 | IceCv    | Reached XP level 12. HP: 92/96 MP: 22/22
 11749 | IceCv    | Noticed a death yak
 11749 | IceCv    | Noticed a death yak
 11749 | IceCv    | Noticed a death yak
 11765 | IceCv    | Killed a death yak
 11768 | IceCv    | Killed a death yak
 11769 | IceCv    | Killed a death yak
 11772 | IceCv    | Learned a level 1 spell: Foxfire
 11774 | IceCv    | Learned a level 1 spell: Apportation
 11801 | IceCv    | Learned a level 4 spell: Flame Wave
 11861 | IceCv    | Reached ***** piety under Cheibriados
 11868 | IceCv    | Reached skill level 12 in Stealth
 11894 | IceCv    | Reached skill level 10 in Fighting
 11956 | IceCv    | Identified the +1 leather armour of Zymun {rElec rPois}
 12047 | IceCv    | Noticed a death yak
 12047 | IceCv    | Noticed a death yak
 12047 | IceCv    | Noticed a frost giant
 12057 | IceCv    | Killed a death yak
 12060 | IceCv    | Killed a frost giant
 12068 | IceCv    | Killed a death yak
 12072 | IceCv    | Reached XP level 13. HP: 67/103 MP: 7/24
 12717 | D:11     | Found a staircase to the Orcish Mines.
 12774 | D:11     | Noticed Erolcha
 12775 | D:11     | Reached ****** piety under Cheibriados
 12780 | D:11     | Killed Erolcha
 13495 | D:12     | Found a runed translucent gate.
 13509 | D:12     | Noticed Urug
 13510 | D:12     | Noticed Frances
 13516 | D:12     | Killed Urug
 13690 | D:12     | Found a gate leading to a gauntlet.
 13695 | Gauntlet | Entered a Gauntlet
 13695 | Gauntlet | Found a transporter.
 13695 | Gauntlet | Found a transporter.
 13714 | Gauntlet | Found a transporter.
 13718 | Gauntlet | Found a transporter.
 13732 | Gauntlet | Found a transporter.
 13742 | Gauntlet | Found a transporter.
 13748 | Gauntlet | Noticed an entropy weaver
 13764 | Gauntlet | Found a transporter.
 13772 | Gauntlet | Found a transporter.
 13775 | Gauntlet | Found a transporter.
 13775 | Gauntlet | Found a transporter.
 13782 | Gauntlet | Noticed a green death
 13788 | Gauntlet | Found a transporter.
 13800 | Gauntlet | Found a transporter.
 13939 | Gauntlet | Gained mutation: Your magical capacity is low. (-10% MP) [a
                  | neqoxec]
 13940 | Gauntlet | Gained mutation: You tend to lose your temper in combat. [a
                  | neqoxec]
 14280 | Gauntlet | Killed an entropy weaver
 14333 | Gauntlet | Noticed a minotaur
 14347 | Gauntlet | Killed a minotaur
 14389 | D:12     | Noticed Lekart's ghost (journeyman DrFi)
 14411 | D:12     | Found a runed translucent gate.
 14411 | D:12     | Found a runed translucent gate.
 14430 | D:12     | Killed Frances
 14676 | D:12     | Identified the +10 mace of the Spectre {drain, rC+ Str+2
                  | Int+2}
 14780 | D:13     | Found a gate to the Vaults.
 14798 | D:13     | Reached skill level 10 in Axes
 14798 | D:13     | Reached skill level 10 in Dodging
 14798 | D:13     | Reached XP level 14. HP: 99/113 MP: 19/24
 14893 | D:13     | Reached skill level 13 in Stealth
 15077 | D:13     | Found a shadowy altar of Dithmenos.
 15639 | D:13     | Reached skill level 10 in Invocations
 16196 | Lair:1   | Entered Level 1 of the Lair of Beasts
 17426 | Lair:3   | Found a staircase to the Snake Pit.
 17944 | Lair:4   | Found a staircase to the Shoals.
 18009 | Lair:4   | Acquired 651 gold pieces
 18230 | Lair:4   | Reached XP level 15. HP: 115/120 MP: 25/25
 18426 | Lair:4   | Found a hide-covered altar of Uskayaw.
 18426 | Lair:4   | Found an ornate altar of the Wu Jian Council.
 18763 | Lair:5   | Found a staircase to the Slime Pits.
 19542 | Lair:5   | Reached skill level 10 in Short Blades
 19542 | Lair:5   | Reached skill level 10 in Long Blades
 19542 | Lair:5   | Reached skill level 10 in Maces & Flails
 19542 | Lair:5   | Reached skill level 10 in Polearms
 19542 | Lair:5   | Reached skill level 10 in Staves
 19542 | Lair:5   | Reached skill level 10 in Slings
 19542 | Lair:5   | Reached skill level 10 in Bows
 19542 | Lair:5   | Reached skill level 10 in Crossbows
 19542 | Lair:5   | Reached skill level 10 in Throwing
 19542 | Lair:5   | Reached skill level 10 in Armour
 19542 | Lair:5   | Reached skill level 10 in Shields
 19542 | Lair:5   | Reached skill level 10 in Unarmed Combat
 19542 | Lair:5   | Reached skill level 10 in Spellcasting
 19542 | Lair:5   | Reached skill level 10 in Evocations
 19823 | Lair:6   | Entered Level 6 of the Lair of Beasts
 20039 | Lair:6   | Reached skill level 10 in Ice Magic
 20277 | Lair:6   | Found a runed translucent door.
 20708 | Lair:6   | Learned a level 4 spell: Passage of Golubria
 20876 | Lair:6   | Noticed an azure jelly
 20876 | Lair:6   | Noticed a rockslime
 20876 | Lair:6   | Noticed an azure jelly
 20878 | Lair:6   | Noticed a rockslime
 20879 | Lair:6   | Killed an azure jelly
 20881 | Lair:6   | Found a viscous altar of Jiyva.
 20881 | Lair:6   | Noticed a rockslime
 20884 | Lair:6   | Killed a rockslime
 20885 | Lair:6   | Killed an azure jelly
 20889 | Lair:6   | Killed a rockslime
 20890 | Lair:6   | Killed a rockslime
 21117 | Lair:6   | Reached skill level 14 in Stealth
 21337 | Orc:1    | Entered Level 1 of the Orcish Mines
 21507 | Orc:1    | Reached XP level 16. HP: 126/127 MP: 27/27
 21508 | Orc:2    | Entered Level 2 of the Orcish Mines
 21601 | Orc:2    | Found a staircase to the Elven Halls.
 22179 | Orc:2    | Found Batock's General Store.
 22194 | Orc:2    | Found Isatech's Magic Scroll Emporium.
 22200 | Orc:2    | Bought a scroll of teleportation for 39 gold pieces
 22200 | Orc:2    | Bought a scroll of teleportation for 39 gold pieces
 22202 | Orc:2    | Found Eriamaby's Antique Armour Shop.
 22203 | Orc:2    | Found Igojeb's Distillery.
 22242 | Orc:2    | Bought a pair of glowing boots for 247 gold pieces
 22259 | Orc:2    | Bought a potion of mutation for 144 gold pieces
 22259 | Orc:2    | Bought a potion of mutation for 144 gold pieces
 22856 | Orc:2    | Bought a scroll of teleportation for 39 gold pieces
 22856 | Orc:2    | Bought a scroll of teleportation for 39 gold pieces
 22856 | Orc:2    | Bought a scroll of teleportation for 39 gold pieces
 22856 | Orc:2    | Bought a scroll of enchant armour for 97 gold pieces
 22865 | Orc:2    | Bought a potion of might for 72 gold pieces
 22865 | Orc:2    | Bought a potion of curing for 54 gold pieces
 22865 | Orc:2    | Bought a potion of curing for 54 gold pieces
 22871 | Orc:2    | Bought a buckler for 148 gold pieces
 22876 | Orc:2    | Lost mutation: Your magical capacity is low. (-10% MP)
                  | [potion of mutation]
 22876 | Orc:2    | Lost mutation: You tend to lose your temper in combat.
                  | [potion of mutation]
 22876 | Orc:2    | Gained mutation: You are strong-willed. (Will+) [potion of
                  | mutation]
 22876 | Orc:2    | Gained mutation: Your magical capacity is low. (-10% MP)
                  | [potion of mutation]
 22876 | Orc:2    | Gained mutation: You are partially covered in iridescent
                  | scales. (AC +2) [potion of mutation]
 22877 | Orc:2    | Upgraded the game from 0.28-a0-722-gc0678643b6 to
                  | 0.28-a0-723-g095bd1b44f
 23237 | D:14     | Found a hide-covered altar of Uskayaw.
 23383 | D:14     | Noticed Azrael
 23394 | D:14     | Killed Azrael
 23659 | D:15     | Entered Level 15 of the Dungeon
 23794 | D:15     | Found a shimmering altar of Xom.
 23830 | D:15     | Found a staircase to the Depths.
 24284 | Shoals:1 | Entered Level 1 of the Shoals
 24284 | Shoals:1 | Noticed Mlioglotl
 24308 | Shoals:1 | Noticed a tentacled starspawn
 24321 | Shoals:1 | Killed Mlioglotl
 24360 | Shoals:1 | Noticed a kraken
 25323 | Shoals:1 | Reached XP level 17. HP: 81/136 MP: 29/29
 25612 | Shoals:1 | Killed a kraken
 25956 | Shoals:2 | Learned a level 4 spell: Hailstorm
 26336 | Shoals:2 | Noticed Ilsuiw
 26359 | Shoals:2 | Killed Ilsuiw
 27519 | Shoals:3 | Noticed Polyphemus
 28329 | Shoals:3 | Killed Polyphemus
 28799 | Shoals:3 | Noticed a tentacled monstrosity
 28800 | Shoals:3 | Identified the ring "Batups Vefy" {EV+4 Dex+7}
 28800 | Shoals:3 | Noticed a kraken
 28805 | Shoals:3 | Killed a kraken
 28809 | Shoals:3 | Killed a tentacled monstrosity
 28819 | Shoals:3 | Reached skill level 10 in Conjurations
 28819 | Shoals:3 | Reached skill level 10 in Hexes
 28819 | Shoals:3 | Reached skill level 10 in Summonings
 28819 | Shoals:3 | Reached skill level 10 in Necromancy
 28819 | Shoals:3 | Reached skill level 10 in Translocations
 28819 | Shoals:3 | Reached skill level 10 in Transmutations
 28819 | Shoals:3 | Reached skill level 10 in Fire Magic
 28819 | Shoals:3 | Reached skill level 10 in Air Magic
 28819 | Shoals:3 | Reached skill level 10 in Earth Magic
 28819 | Shoals:3 | Reached skill level 10 in Poison Magic
 29117 | Shoals:3 | Got the Compendium of Mad Ravings
 29120 | Shoals:4 | Entered Level 4 of the Shoals
 29121 | Shoals:4 | Paralysed by an air elemental for 1 turns
 29395 | Shoals:4 | Paralysed by an air elemental for 1 turns
 29398 | Shoals:4 | Paralysed by an air elemental for 1 turns
 29701 | Shoals:4 | Reached skill level 15 in Stealth
 30911 | Shoals:4 | Noticed Nikola
 30935 | Shoals:4 | Killed Nikola
 30961 | Shoals:4 | Reached XP level 18. HP: 133/144 MP: 30/30
 31119 | Shoals:4 | Acquired a +0 kite shield of protection
 31464 | Shoals:4 | Got the Incunabulum of Evil
 31468 | Shoals:4 | Got a barnacled rune of Zot
 32099 | Vaults:1 | Entered Level 1 of the Vaults
 33514 | Vaults:2 | Found a transporter.
 33519 | Vaults:2 | Found a shimmering blue altar of Sif Muna.
 33530 | Vaults:2 | Noticed a dread lich
 33554 | Vaults:2 | Noticed a Tzitzimitl
 33555 | Vaults:2 | Killed a dread lich
 33675 | Vaults:2 | Found a transporter.
 33806 | Vaults:2 | Learned a level 2 spell: Wereblood
 34981 | Vaults:2 | Reached XP level 19. HP: 134/152 MP: 32/32
 35047 | Vaults:2 | Found a staircase to the Crypt.
 35256 | Vaults:3 | Found a magical portal.
 35261 | WizLab   | Entered Doroklohe's Tomb
 35417 | WizLab   | Learned a level 6 spell: Starburst
 35693 | WizLab   | Noticed a dread lich
 35708 | WizLab   | Killed a dread lich
 36362 | Vaults:3 | Reached skill level 16 in Stealth
 37280 | Elf:1    | Entered Level 1 of the Elven Halls
 38578 | Elf:1    | Reached XP level 20. HP: 146/161 MP: 28/33
 39031 | Elf:1    | Found the +0 staff of Battle
 39659 | Elf:2    | Reached skill level 15 in Fighting
 40293 | Elf:2    | Found a runed translucent gate.
 40294 | Elf:2    | Found a runed translucent gate.
 40298 | Elf:2    | Found a runed translucent gate.
 40691 | Elf:2    | Found Ladyraz's Jewellery Emporium.
 40699 | Elf:2    | Bought the ring "Did Vucu" {rC+ Dex+6} for 624 gold pieces
 40790 | Elf:3    | Entered Level 3 of the Elven Halls
 41056 | Elf:3    | Reached skill level 15 in Ice Magic
 41056 | Elf:3    | Reached skill level 15 in Invocations
 41086 | Elf:3    | Reached skill level 15 in Evocations
 41252 | Elf:3    | Identified the +7 quarterstaff of Wyrd {speed, rElec}
 41252 | Elf:3    | Identified the +4 leather armour of Inquiry {*Slow rPois
                  | rC+}
 41252 | Elf:3    | Identified the ring "Punilut" {rF+ rN++ Will+}
 41276 | Elf:3    | Killed from afar by a deep elf annihilator

Illustrated notes

Levels and vault maps discovered:
D:1:      dpeg_arrival_stone_temple_mockup, layout_basic, basic_ecumenical_altar
D:2:      minmay_general_purpose_star, layout_loops_ring, kennysheep_minor_cross
D:3:      layout_basic, grunt_ministairs_8, minmay_divided_ellipse
D:4:      old_forge, layout_cave_pools, trog_wizard, ebering_ghost_rock_garden,
          minmay_misc_feat_diagonals, minmay_crystal_water
D:5:      layout_loops_ring, grunt_temple_overflow_open, uniq_sigmund
D:6:      layout_loops_ring, uniq_edmund
D:7:      layout_loops_ring, minmay_temple_entry_hall, minmay_joined_circles,
          uniq_prince_ribbit1, uniq_crazy_yiuf_cottage
D:8:      layout_basic, old_standard_altar, gammafunk_ghost_arena,
          grunt_ministairs_4
D:9:      layout_stronghold, dpeg_lair_monsters
D:10:     layout_rooms, serial_shops, shop, uniq_maurice
D:11:     layout_basic, zombieorc2_lemuel, portal_ice_cave_entry_pillars_1,
          special_room [special_room_orc], serial_shops,
          nicolae_shop_overgrown_old_shop, minmay_fire_ice_demons, uniq_erolcha,
          uniq_josephine
D:12:     layout_big_octagon, gauntlet_entry_generic, gammafunk_ghost_icy,
          uniq_urug, uniq_frances
D:13:     layout_stronghold, david_vaults_3, grunt_dithmenos_smoke
D:14:     layout_gridville, nicolae_uskayaw_dance_hall, uniq_azrael
D:15:     grunt_enter_depths_giant_problem, layout_rooms, xom_teletrap_fun,
          chequers_serial_rivers_micro_e
Lair:1:   layout_big_grid
Lair:2:   layout_hall_layers
Lair:3:   layout_cave_pods, minmay_snake_entry_guardpost_medium,
          infiniplex_staircase_pool_2, serial_bayou_shore_a
Lair:4:   layout_regular_city, shoals_dummy_entry, st_stairs_11,
          nzn_masters_of_martial_movement
Lair:5:   layout_small_grid, nicolae_slime_entry_slimehenge, grunt_megastairs_2
Lair:6:   wormcave, layout_gridlike, special_room [special_room_jelly]
Shoals:1: layout_shoals, uniq_mlioglotl
Shoals:2: layout_shoals, nicolae_shoals_hidden_pirate_stash, uniq_ilsuiw
Shoals:3: dreamdust_from_the_deep, layout_shoals,
          nicolae_shoals_beach_house_on_fowls_legs, uniq_polyphemus
Shoals:4: shoals_end_hellmonk_storm_palace [storm_palace_center_square,
          storm_palace_corner_blocked, storm_palace_corner_reverse_hut,
          storm_palace_corner_pillars, storm_palace_corner_grid], uniq_nikola
Orc:1:    layout_caves, bh_open_orc_temple
Orc:2:    st_orc_open, layout_caves
Elf:1:    eino_elf_arrival_customs, layout_onion_city,
          minmay_elf_crystal_hexagon
Elf:2:    nicolae_elf_blades_splatter_lattice [mumra_blade_entry_dagger],
          layout_loops_cross, serial_shops, nicolae_shop_behind_doors
Elf:3:    minmay_elf_hall_quartered_circle, layout_gridlike
Vaults:1: nicolae_vaults_little_squares_5, ontoclasm_vaults_eye,
          vaults_room_fours, vaults_dpeg_spiral, grunt_vaults_trifunnel,
          vaults_room_stairs_pillars, layout_vaults_omnigrid
Vaults:2: gammafunk_sealed_library, minmay_crypt_entry_skeletal_spiral,
          ontoclasm_vaults_twist, vaults_mumra_hexcomb, hangedman_vaults_trim,
          nicolae_vaults_triangles, layout_vaults_chaotic_city
Vaults:3: mu_enter_wizlab_1, grunt_vaults_hallway_short, v_rooms_3,
          nicolae_vaults_lopsided_apartments, v_misc_3, vaults_room_pool,
          hangedman_vaults_capsules, serial_ice_h, grunt_vaults_funnel,
          v_alt_pattern_6, hangedman_vaults_maws, vaults_room_large_hall,
          nicolae_vaults_diagonal_hallway_9, nicolae_vaults_little_squares_6,
          layout_vaults_omnibox

Skill      XL: |  1  2  3  4  5  6  7  8  9 10 11 12 13 14 15 16 17 18 19 20 |
---------------+-------------------------------------------------------------+-----
Stealth        | 10 11 12 13 14 15 16 | 16.5
Invocations    | 1 2 3 4 5 6 7 8 9 10 11 12 13 14 15 | 15.0
Short Blades   | 1 2 3 4 5 6 7 8 9 10 11 12 13 | 13.9
Long Blades    | 1 2 3 4 5 6 7 8 9 10 11 12 13 | 13.9
Maces & Flails | 1 2 3 4 5 6 7 8 9 10 11 12 13 | 13.9
Polearms       | 1 2 3 4 5 6 7 8 9 10 11 12 13 | 13.9
Staves         | 1 2 3 4 5 6 7 8 9 10 11 12 13 | 13.9
Slings         | 1 2 3 4 5 6 7 8 9 10 11 12 13 | 13.9
Bows           | 1 2 3 4 5 6 7 8 9 10 11 12 13 | 13.9
Crossbows      | 1 2 3 4 5 6 7 8 9 10 11 12 13 | 13.9
Throwing       | 1 2 3 4 5 6 7 8 9 10 11 12 13 | 13.9
Armour         | 1 2 3 4 5 6 7 8 9 10 11 12 13 | 13.9
Shields        | 1 2 3 4 5 6 7 8 9 10 11 12 13 | 13.9
Unarmed Combat | 1 2 3 4 5 6 7 8 9 10 11 12 13 | 13.9
Spellcasting   | 1 2 3 4 5 6 7 8 9 10 11 12 13 | 13.9
Evocations     | 1 2 3 4 5 6 7 8 9 10 11 12 13 14 15 | 15.1
Conjurations   | 1 2 3 4 5 6 7 8 9 10 11 | 11.8
Hexes          | 1 2 3 4 5 6 7 8 9 10 11 | 11.8
Summonings     | 1 2 3 4 5 6 7 8 9 10 11 | 11.8
Necromancy     | 1 2 3 4 5 6 7 8 9 10 11 | 11.8
Translocations | 1 2 3 4 5 6 7 8 9 10 11 | 11.8
Transmutations | 1 2 3 4 5 6 7 8 9 10 11 | 11.8
Fire Magic     | 1 2 3 4 5 6 7 8 9 10 11 | 11.8
Ice Magic      | 1 2 3 4 5 6 8 9 10 11 12 13 14 15 | 15.1
Air Magic      | 1 2 3 4 5 6 7 8 9 10 11 | 11.8
Earth Magic    | 1 2 3 4 5 6 7 8 9 10 11 | 11.8
Poison Magic   | 1 2 3 4 5 6 7 8 9 10 11 | 11.8
Axes           | 5 6 7 8 9 10 11 12 13 14 | 14.6
Dodging        | 5 6 7 8 9 10 11 12 13 14 | 14.6
Fighting       | 7 8 9 10 11 12 13 14 15 | 15.2

Action                   |  1- 3 |  4- 6 |  7- 9 | 10-12 | 13-15 | 16-18 | 19-21 || total
-------------------------+-------+-------+-------+-------+-------+-------+-------++-------
Melee: Hand axe          |    26 |       |       |       |       |       |       ||    26
       Rapier            |    42 |     6 |       |       |       |       |       ||    48
       Bite              |     6 |    24 |     7 |    43 |   108 |   172 |   105 ||   465
       Short sword       |       |   250 |       |       |       |       |       ||   250
       Morningstar       |       |    34 |       |       |       |       |       ||    34
       Double sword      |       |    13 |   124 |   241 |   594 |   783 |   443 ||  2198
       Punch             |       |       |     1 |     7 |    43 |     4 |       ||    55
       Halberd           |       |       |       |       |    21 |       |       ||    21
       Scimitar          |       |       |       |       |    54 |     9 |       ||    63
       Eveningstar       |       |       |       |       |       |       |   105 ||   105
Throw: Throwing net      |       |       |       |       |       |     1 |       ||     1
       Javelin           |       |       |       |       |       |     3 |       ||     3
 Cast: Flame Wave        |       |       |       |     6 |    13 |    14 |     1 ||    34
       Hailstorm         |       |       |       |       |       |     5 |     3 ||     8
       Wereblood         |       |       |       |       |       |     4 |    13 ||    17
       Starburst         |       |       |       |       |       |       |     7 ||     7
       Passage of Golubr |       |       |       |       |       |       |     2 ||     2
Invok: Bend Time         |       |       |       |     4 |     1 |       |       ||     5
       Slouch            |       |       |       |     3 |     8 |     8 |     3 ||    22
       Step From Time    |       |       |       |       |       |     1 |       ||     1
Evoke: Wand              |       |       |       |     6 |     4 |    46 |    16 ||    72
  Use: Potion            |     1 |       |       |       |     2 |    15 |     3 ||    21
       Scroll            |       |     5 |     2 |    16 |    10 |    23 |     9 ||    65
 Stab: Sleeping          |     7 |     7 |     4 |     6 |    17 |    21 |    14 ||    76
       Distracted        |       |       |       |     3 |     2 |     4 |     2 ||    11
       Paralysed         |       |       |       |       |     3 |     3 |     3 ||     9
       Betrayed ally     |       |       |       |       |       |       |     1 ||     1
Armor: Leather armour    |    30 |    19 |       |       |       |       |       ||    49
       Chain mail        |       |   129 |    65 |   140 |   417 |   351 |   137 ||  1239
       Robe              |       |       |       |    15 |     8 |       |       ||    23
Dodge: Dodged            |    69 |   123 |    47 |   189 |   875 |   618 |   206 ||  2127
Block: Other             |       |       |    17 |    47 |       |       |       ||    64
       Reflection        |       |       |     1 |     1 |       |    33 |    47 ||    82
       Buckler           |       |       |       |       |       |   336 |       ||   336
       Kite shield       |       |       |       |       |       |   207 |   470 ||   677

Table legend: (Time is in decaauts)
 A = Elapsed time spent in this place.
 B = Non-inter-level travel time spent in this place.
 C = Inter-level travel time spent in this place.
 D = Time resting spent in this place.
 E = Time spent auto-exploring this place.
 F = Levels seen in this place.
 G = Mean time per level.
                   A        B        C        D        E       F      G
               +--------+--------+--------+--------+--------+-----+--------+
         Total |  60002 |  56544 |   3458 |   9765 |  34606 |  36 | 1666.7 |
       Dungeon |  21624 |  19865 |   1759 |   3378 |  12891 |  15 | 1441.6 |
          Lair |   8909 |   8473 |    436 |    677 |   6189 |   6 | 1484.8 |
        Shoals |  10189 |   9871 |    318 |   3857 |   3936 |   4 | 2547.2 |
  Orcish Mines |   2984 |   2578 |    406 |    135 |   1873 |   2 | 1492.0 |
   Elven Halls |   5782 |   5644 |    138 |    744 |   3740 |   3 | 1927.3 |
        Vaults |   7276 |   6877 |    399 |     55 |   5245 |   3 | 2425.3 |
      Ice Cave |   1266 |   1266 |      0 |    211 |    597 |   1 | 1266.0 |
        Wizlab |    879 |    879 |      0 |    474 |    133 |   1 |  879.0 |
      Gauntlet |   1089 |   1089 |      0 |    232 |      0 |   1 | 1089.0 |
               +--------+--------+--------+--------+--------+-----+--------+

Top non-repeatable levels by time:
Shoals:3: 3098 daAuts
Vaults:2: 2847 daAuts
Shoals:4: 2836 daAuts
   Elf:1: 2769 daAuts
     D:9: 2558 daAuts
  Lair:6: 2347 daAuts
Vaults:1: 2326 daAuts
Shoals:1: 2310 daAuts
    D:13: 2246 daAuts
   Elf:2: 2130 daAuts
Vaults:3: 2103 daAuts
    D:11: 2031 daAuts
     D:8: 2017 daAuts
Shoals:2: 1944 daAuts
     D:4: 1742 daAuts
